 Dungeon Crawl Stone Soup version 0.21.1-1-g345015fe64 (webtiles) character file.

123 Lavandula the Chopper (level 4, 0/38 HPs)
             Began as a Centaur Berserker on June 16, 2018.
             Was a Believer of Trog.
             Succumbed to a gnoll's poison
             ... on level 3 of the Dungeon.
             The game lasted 00:03:38 (542 turns).

Lavandula the Chopper (Centaur Berserker)            Turns: 542, Time: 00:03:38

Health: 0/38       AC:  5    Str: 20    XL:     4   Next: 80%
Magic:  3/3        EV:  9    Int:  8    God:    Trog [**....]
Gold:   73         SH:  0    Dex:  7    Spells: 3/3 levels left

rFire    . . .     SeeInvis .   a - +0 hand axe
rCold    . . .     Gourm    .   (no shield)
rNeg     . . .     Faith    .   b - +0 animal skin
rPois    .         Spirit   .   g - +0 helmet
rElec    .         Reflect  .   (no cloak)
rCorr    .         Harm     .   (no gloves)
MR       .....                  (no barding)
Stlth    +.........             (no amulet)
HPRegen  0.12/turn              (no ring)
MPRegen  0.08/turn              (no ring)

@: lethally poisoned (0 -> -26), flying, very quick
A: large, hooves 3, clever 1, clumsy 1, deformed body, speed 2, low mp 1, tough
skin 3
a: Berserk, Trog's Hand, Burn Spellbooks, Renounce Religion


You were on level 3 of the Dungeon.
You worshipped Trog.
Trog was pleased with you.
You were hungry.

You visited 1 branch of the dungeon, and saw 4 of its levels.

You collected 73 gold pieces.

Inventory:

Hand Weapons
 a - a +0 hand axe (weapon)
Armour
 b - a +0 animal skin (worn)
 f - a +0 scale mail
 g - a +0 helmet (worn)
Scrolls
 d - a scroll of remove curse {unknown}
 i - a scroll of immolation {unknown}
 j - a scroll of identify {unknown}
Potions
 h - a potion of mutation
Comestibles
 c - 3 rations


   Skills:
 - Level 3.0 Fighting
 + Level 5.1 Axes
 - Level 1.3 Armour
 - Level 1.3 Dodging


You had 3 spell levels left.
You didn't know any spells.

Dungeon Overview and Level Annotations

Branches:
Dungeon (4/15)
 Temple: D:4-7

Altars:


Innate Abilities, Weirdness & Mutations

You have hooves in place of feet.
Armour fits poorly on your strangely shaped body.
You cover ground very quickly.
You have extremely tough skin. (AC +3)
Your mind is acute. (Int +2)
You are clumsy. (Dex -2)
Your magical capacity is low. (-10% MP)


Message History

* * * LOW HITPOINT WARNING * * *
You are more poisoned.
Unknown command.
You hit the gnoll. Your kick misses the gnoll.
The gnoll is severely wounded.
You feel sick.
The gnoll hits you with a halberd of venom!
* * * LOW HITPOINT WARNING * * *
You are lethally poisoned!
Unknown command.
It was a potion of mutation.
You feel extremely strange.
You feel clumsy.
You feel less energetic.
You feel clever.
* * * LOW HITPOINT WARNING * * *
You feel sick.
It was a potion of flight.
You feel very buoyant.
You fly up into the air.
Your skin stops crawling.
You feel less resistant to hostile enchantments.
You die...

#...........#
#.####...####
... ##.##
#..# #.# ....
#(# #.#. ##(#
#(/# #g## #@#
#)# #g# #.#
#.# #.# #<#
..# ###


You could see a gnoll and a goblin.

Vanquished Creatures
  The ghost of kajmaj the Chiller, a weakling DrIE (D:3)
  A hound (D:3)
  3 gnolls (D:2)
  An ooze (D:2)
  A dart slug (D:1)
  2 leopard geckos
  3 goblins
  3 hobgoblins
  3 jackals (D:3)
  A kobold (D:3)
  2 frilled lizards
  A rat (D:3)
22 creatures vanquished.

Notes
Turn   | Place    | Note
-------+----------+-------------------------------------------
     0 | D:1      | Lavandula the Centaur Berserker began the quest for the Orb.
     0 | D:1      | Reached XP level 1. HP: 19/19 MP: 1/1
   144 | D:1      | Reached skill level 3 in Axes
   193 | D:1      | Reached XP level 2. HP: 26/26 MP: 2/2
   237 | D:2      | Reached XP level 3. HP: 31/31 MP: 3/3
   242 | D:2      | Reached skill level 4 in Axes
   430 | D:3      | Noticed kajmaj's ghost (weakling DrIE)
   479 | D:3      | Killed kajmaj's ghost
   479 | D:3      | Reached ** piety under Trog
   479 | D:3      | Reached XP level 4. HP: 12/38 MP: 4/4
   480 | D:3      | Reached skill level 5 in Axes
   541 | D:3      | Gained mutation: You are clumsy. (Dex -2) [potion of mutation]
   541 | D:3      | Gained mutation: Your magical capacity is low. (-10% MP) [potion of mutation]
   541 | D:3      | Gained mutation: Your mind is acute. (Int +2) [potion of mutation]
   542 | D:3      | Succumbed to a gnoll's poison

Skill      XL: |  1  2  3  4 |
---------------+-------------+-----
Axes           | 3 4 5 |  5.1
Fighting       | |  3.0
Armour         | |  1.3
Dodging        | |  1.3

Action                   |  1- 3 |  4- 6 || total
-------------------------+-------+-------++-------
Melee: Hand axe          |    40 |    10 ||    50
       Kick              |    10 |       ||    10
Invok: Berserk           |     3 |       ||     3
       Trog's Hand       |       |     1 ||     1
  Use: Potion            |       |     2 ||     2
  Eat: Chunk             |       |     1 ||     1
Armor: Animal skin       |     7 |     3 ||    10
       Scale mail        |     4 |       ||     4
Dodge: Dodged            |    19 |     6 ||    25
